 Seeded DCSS version 0.29.1-15-g9cfb28693d (webtiles) character file.

Game seed: 5539412050805608917 (custom seed)

1824 bmack86 the Cleaver (level 8, -10/71 HPs)
             Began as a Minotaur Fighter on May 5, 2023.
             Was a Believer of Okawaru.
             Mangled by an ice beast (16 damage)
             ... on level 6 of the Dungeon.
             The game lasted 00:14:14 (6725 turns).

bmack86 the Cleaver (Minotaur Fighter)              Turns: 6725, Time: 00:14:15

Health: -10/71     AC: 10    Str: 29    XL:     8   Next: 86%
Magic:  9/9        EV: 10    Int:  5    God:    Okawaru [**....]
Gold:   37         SH:  5    Dex: 10    Spells: 7/7 levels left

rFire   . . .      SeeInvis .   a - +1 war axe (vorpal)
rCold   . . .      Faith    .   c - +0 buckler
rNeg    . . .      Spirit   .   b - +0 scale mail
rPois   .          Reflect  .   (helmet restricted)
rElec   .          Harm     +   g - scarf {harm}
rCorr   .          Rampage  .   v - +1 pair of gloves
Will    .....      Clarity  +   (no boots)
Stlth   ..........              k - amulet of regeneration
HPRegen 1.01/turn               h - +4 ring of slaying
MPRegen 0.11/turn               j - +6 ring of strength

@: weak-willed
A: horns 2, retaliatory headbutt, clarity, strong-willed 1, sturdy frame 1
a: Renounce Religion, Heroism


You were on level 6 of the Dungeon.
You worshipped Okawaru.
Okawaru was pleased with you.
You visited 2 branches of the dungeon, and saw 7 of its levels.

You collected 1459 gold pieces.
You spent 1422 gold pieces at shops.

Inventory:

Hand Weapons
 a - a +1 vorpal war axe (weapon)
Missiles
 C - a throwing net (quivered)
Armour
 b - a +0 scale mail (worn)
 c - a +0 buckler (worn)
 g - a scarf of harm (worn)
 l - a +0 cloak
 v - a +1 pair of gloves (worn)
Jewellery
 e - an amulet of guardian spirit
 h - a +4 ring of slaying (left hand)
 j - a +6 ring of strength (right hand)
 k - an amulet of regeneration (around neck)
 w - a ring of magical power
 x - a ring of poison resistance
Wands
 n - a wand of flame (9)
 r - a wand of roots (8)
Scrolls
 q - 2 scrolls of brand weapon
Potions
 d - 3 potions of might
 f - a potion of invisibility
 i - a potion of curing {unknown}
 o - 2 potions of flight {unknown}
 p - 2 potions of berserk rage
 z - 2 potions of attraction {unknown}
 B - a potion of heal wounds {unknown}
 D - a potion of lignification {unknown}


   Skills:
 + Level 6.6 Fighting
 * Level 8.3 Axes
 + Level 2.3 Throwing
 + Level 6.7 Armour
 + Level 6.7 Shields
 + Level 3.3 Invocations


You had 7 spell levels left.
You didn't know any spells.
Your spell library contained the following spells:

 Spells                   Type           Power      Damage    Failure   Level
 Gell's Gravitas          Tloc           0%         N/A       97%         3
 Teleport Other           Tloc           0%         N/A       97%         3
 Hailstorm                Conj/Ice       0%         3d3       100%        4
 Ice Form                 Ice/Tmut       0%         N/A       100%        4
 Dispersal                Tloc           0%         N/A       100%        6
 Simulacrum               Ice/Necr       Unusable   N/A       N/A         6

Dungeon Overview and Level Annotations

Branches:
Dungeon (6/15)             Temple (1/1) D:6

Altars:
Ashenzari
Cheibriados
Dithmenos
Elyvilon
Fedhas
Gozag
Hepliaklqana
Kikubaaqudgha
Makhleb
Nemelex Xobeh
Okawaru
Ru
Sif Muna
Trog
Uskayaw
Vehumet
Wu Jian
Xom
Yredelemnul
The Shining One

Shops:
D:1 =   D:2 =


Innate Abilities, Weirdness & Mutations

You have a pair of horns on your head.
You reflexively headbutt those who attack you in melee.
You possess an exceptional clarity of mind.
You are strong-willed. (Will+)
Your movements are slightly less encumbered by armour. (ER -2)


Message History

You kill the orc!
Okawaru accepts your kill.
The orc wizard hits you but does no damage.
You hit the orc wizard.
The orc wizard is almost dead.
The orc wizard hits you but does no damage.
You closely miss the orc wizard. Your headbutt misses the orc wizard.
The orc wizard is almost dead.
You hit the ice beast. The ice beast closely misses you.
The orc wizard hits you but does no damage.
You closely miss the orc wizard. Your headbutt misses the orc wizard.
The orc wizard is almost dead.
You closely miss the ice beast. You block the ice beast's attack.
An orc warrior comes into view. It is wielding a +0 battleaxe.
The orc wizard casts a spell at you. The puff of flame hits you!
You hit the orc wizard.
You kill the orc wizard!
Okawaru accepts your kill.
You slash the ice beast!
The ice beast hits you but does no damage.
The white imp gestures at you. The puff of frost hits you.
The white imp gestures at you. The puff of frost hits you!
* * * LOW HITPOINT WARNING * * *
You block the ice beast's attack. The ice beast hits you.
* * * LOW HITPOINT WARNING * * *
The ice beast freezes you.
* * * LOW HITPOINT WARNING * * *
The white imp gestures at you. The puff of frost misses you.
Items here: )) [ †.
You barely miss the white imp. You barely miss the ice beast.
A shadow imp comes into view.
The ice beast hits you.
* * * LOW HITPOINT WARNING * * *
The ice beast freezes you!
You die...

#....###..>..###....#
####
####...#.....#....#.#
5#...
.............###.##...:
#..#...###.....##.#..#
......#............#
#####..#..#.#.##o..##
##...##....)..### ####
###.......# #@Y.###>.#
# #5..# ### . ........
##.##.###.. #. #.# ..
#.# .. .. ..# .


You could see an orc warrior, an ice beast, a white imp and a shadow imp.

Vanquished Creatures
  Sigmund (D:4)
  2 water moccasins (D:5)
  3 black bears (D:5)
  A centaur (D:6)
  2 necrophages
  A wight (D:5)
  A howler monkey (D:5)
  A centaur zombie (D:5)
  A bullfrog zombie (D:5)
  5 hounds
  A jelly (D:6)
  A human zombie (D:5)
  Crazy Yiuf (D:2)
  A scorpion zombie (D:5)
  Jessica (D:2)
  Ijyb (D:3)
  An iguana (D:5)
  Natasha (thrice) (D:2)
  An orc wizard (D:6)
  2 hound zombies (D:5)
  4 mummies (D:5)
  7 adders
  14 gnolls
  A shadow imp (D:5)
  A white imp (D:5)
  A worm (D:3)
  7 dart slugs
  6 orcs
  6 ball pythons
  5 endoplasms
  6 giant cockroaches
  4 goblins
  10 hobgoblins
  10 jackals
  9 kobolds
  3 quokkas
  4 bats
  4 frilled lizards
  6 rats
139 creatures vanquished.

Notes
Turn   | Place    | Note
-------+----------+-------------------------------------------
     0 | D:1      | bmack86 the Minotaur Fighter began the quest for the Orb.
     0 | D:1      | Reached XP level 1. HP: 19/19 MP: 0/0
   139 | D:1      | Reached skill level 3 in Axes
   139 | D:1      | Reached XP level 2. HP: 22/27 MP: 1/1
   275 | D:1      | Reached XP level 3. HP: 26/33 MP: 2/2
   340 | D:1      | Found Lypayd's Jewellery Emporium.
   366 | D:1      | Identified a scroll of acquirement
   366 | D:1      | Acquired 1181 gold pieces
   381 | D:1      | Bought a +4 ring of slaying for 1092 gold pieces
   973 | D:1      | Found a faded altar of an unknown god.
  1147 | D:1      | Gained mutation: You possess an exceptional clarity of
                  | mind. [potion of mutation]
  1147 | D:1      | Gained mutation: Your movements are slightly less
                  | encumbered by armour. (ER -2) [potion of mutation]
  1147 | D:1      | Gained mutation: You are strong-willed. (Will+) [potion of
                  | mutation]
  1349 | D:2      | Reached XP level 4. HP: 30/40 MP: 3/3
  1358 | D:2      | Reached skill level 4 in Axes
  1631 | D:2      | Found a runed translucent door.
  1632 | D:2      | Noticed Crazy Yiuf
  1637 | D:2      | Killed Crazy Yiuf
  1706 | D:2      | Reached XP level 5. HP: 46/47 MP: 4/4
  1716 | D:2      | Found Vepy's Jewellery Shoppe.
  1885 | D:2      | Noticed Jessica
  1907 | D:2      | Killed Jessica
  2008 | D:2      | Found a broken altar of Ashenzari.
  2133 | D:2      | Noticed Natasha
  2136 | D:2      | Killed Natasha
  2137 | D:2      | Reached skill level 5 in Axes
  2304 | D:2      | Noticed Natasha
  2310 | D:2      | Killed Natasha
  2327 | D:2      | Noticed Natasha
  2332 | D:2      | Killed Natasha
  2333 | D:2      | Reached XP level 6. HP: 39/55 MP: 5/5
  2809 | D:3      | Found an iron altar of Okawaru.
  2815 | D:3      | Noticed Ijyb
  2819 | D:3      | Became a worshipper of Warmaster Okawaru
  2825 | D:3      | Killed Ijyb
  2826 | D:3      | Reached skill level 5 in Armour
  3160 | D:3      | Reached skill level 5 in Shields
  3247 | D:3      | Identified the +3 rapier of Darkness {antimagic, Will++
                  | Str-3}
  3349 | D:3      | Reached skill level 5 in Fighting
  3798 | D:4      | Found a blossoming altar of Fedhas.
  3822 | D:4      | Noticed Sigmund
  3836 | D:4      | Killed Sigmund
  3836 | D:4      | Reached * piety under Okawaru
  3837 | D:4      | Reached skill level 6 in Axes
  3837 | D:4      | Reached skill level 1 in Invocations
  3837 | D:4      | Reached XP level 7. HP: 44/61 MP: 6/6
  4580 | D:5      | Entered Level 5 of the Dungeon
  4672 | D:5      | Reached skill level 7 in Axes
  4685 | D:5      | Found an ancient bone altar of Kikubaaqudgha.
  4828 | D:5      | Reached XP level 8. HP: 70/70 MP: 8/8
  4859 | D:5      | Reached ** piety under Okawaru
  4860 | D:5      | Reached skill level 1 in Throwing
  5113 | D:5      | Found a hide-covered altar of Uskayaw.
  5531 | D:5      | Reached skill level 8 in Axes
  5937 | D:5      | Found a broken altar of Ashenzari.
  6328 | D:2      | Bought an amulet of regeneration for 330 gold pieces
  6647 | D:6      | Found a staircase to the Ecumenical Temple.
  6660 | Temple   | Entered the Ecumenical Temple
  6660 | Temple   | Found a transporter.
  6660 | Temple   | Found a transporter.
  6662 | Temple   | Found a transporter.
  6662 | Temple   | Found a transporter.
  6725 | D:6      | Mangled by an ice beast

Illustrated notes

Levels and vault maps discovered:
D:1:      sevenhm_arrival_forest_fort_large_2, layout_loops_ring, serial_shops,
          shop_statue, hellmonk_ecumenical_altar_zigzags, nicolae_titane
D:2:      layout_basic, serial_shops, nicolae_shop_waterfront, basic_altar,
          minivault_14, minmay_tromino_v2, uniq_jessica,
          uniq_crazy_yiuf_cottage, uniq_natasha
D:3:      layout_loops_corners, okawaru_trees_1, uniq_ijyb
D:4:      layout_basic, fedhas_ov_isle_minmay, uniq_sigmund
D:5:      layout_basic, nicolae_uskayaw_dance_hall,
          mainiacjoe_overflow_alcove_1, lemuel_mausoleum_altar_kikubaaqudgha
D:6:      layout_rooms, minmay_temple_entry_tees, minivault_14,
          minmay_misc_feat_rows, bh_walls_and_bars
Temple:   hellmonk_temple_divided_pantheon

Skill      XL: |  1  2  3  4  5  6  7  8 |
---------------+-------------------------+-----
Axes           | 3 4 5 6 7 8 |  8.3
Armour         | 4 5 6 |  6.7
Shields        | 4 5 6 |  6.7
Fighting       | 4 5 6 |  6.6
Invocations    | 1 2 3 |  3.3
Throwing       | 2 |  2.3

Action                   |  1- 3 |  4- 6 |  7- 9 || total
-------------------------+-------+-------+-------++-------
Melee: War axe           |    64 |    98 |   106 ||   268
       Headbutt          |     8 |    12 |    19 ||    39
  Use: Scroll            |     4 |       |    10 ||    14
       Potion            |     1 |     1 |       ||     2
Armor: Scale mail        |    47 |    52 |    48 ||   147
Dodge: Dodged            |    43 |    48 |    54 ||   145
Block: Buckler           |    21 |    18 |    24 ||    63
